 Dungeon Crawl Stone Soup version 0.29.1-1-gd02db6906a (webtiles) character file.

Game seed: 2132765098406296269

16 Ashen the Chiller (level 2, 11/20 HPs)
             Began as a Demonspawn Ice Elementalist on Oct 20, 2022.
             Got out of the dungeon alive.
             The game lasted 00:01:18 (910 turns).

Ashen the Chiller (Demonspawn Ice Elementalist)      Turns: 910, Time: 00:01:19

Health: 11/20      AC:  2    Str:  8    XL:     2   Next: 37%
Magic:  5/5        EV: 12    Int: 16    God:
Gold:   44         SH:  0    Dex: 13    Spells: 4/5 levels left

rFire   . . .      SeeInvis .   j - +0 dagger (venom)
rCold   . . .      Faith    .   (no shield)
rNeg    . . .      Spirit   .   a - +0 robe
rPois   .          Reflect  .   (no helmet)
rElec   .          Harm     .   (no cloak)
rCorr   .          Rampage  .   (no gloves)
Will    .....                   (no boots)
Stlth   ++........              (no amulet)
HPRegen 0.06/turn               (no ring)
MPRegen 0.09/turn               (no ring)

@: no status effects
A: foul stench 1
a: no special abilities


You escaped.
You visited 1 branch of the dungeon, and saw 1 of its levels.

You collected 44 gold pieces.

Inventory:

Hand Weapons
 f - a +0 mace
 j - a +0 dagger of venom (weapon)
Armour
 a - a +0 robe (worn)
Scrolls
 h - 2 scrolls of summoning {unknown}
 i - a scroll of silence {unknown}
 k - a scroll of fog {unknown}
Potions
 b - a potion of magic
 c - a potion of heal wounds {unknown}
 d - a potion of attraction {unknown}
 e - a potion of curing {unknown}
 g - 2 potions of degeneration {unknown}
 l - a potion of invisibility {unknown}


   Skills:
 + Level 0.7 Fighting
 + Level 2.0 Dodging
 + Level 2.0 Stealth
 + Level 2.1 Spellcasting
 + Level 3.7 Ice Magic


You had 4 spell levels left.
You knew the following spells:

 Your Spells              Type           Power      Damage    Failure   Level
a - Freeze                Ice            52%        1d7       4%          1

Your spell library contained the following spells:

 Spells                   Type           Power      Damage    Failure   Level
 Frozen Ramparts          Ice            26%        1d4       13%         3
 Ozocubu's Armour         Ice            13%        N/A       13%         3
 Hailstorm                Conj/Ice       7%         3d4       67%         4


Dungeon Overview and Level Annotations

Branches:
Dungeon (1/15)

Altars:


Innate Abilities, Weirdness & Mutations

You may rarely emit foul miasma when damaged in melee.


Message History

3 jackals come into view.
Found 3 javelins.
The jackal barks! x2
Found a fizzy amethyst potion.
The jackal barks!
You hit the jackal.
The jackal is poisoned.
The jackal is lightly wounded.
The jackal bites you. x2
The jackal attacks as you move away! The jackal bites you.
You kill the jackal!
Casting: Freeze (safe; 4% risk of failure)
Confirm with . or Enter, or press ? or * to list all spells.
You don't know that spell.
Casting: Freeze (safe; 4% risk of failure)
Confirm with . or Enter, or press ? or * to list all spells.
You don't know that spell.
You barely miss the jackal. You miss the jackal. The jackal bites you.
The jackal bites you but does no damage.
The jackal bites you.
You hit the jackal but do no damage. The jackal bites you.
You emit a cloud of foul miasma!
The jackal bites you.
The jackal is engulfed in dark miasma.
The jackal is poisoned.
The jackal seems to slow down.
The jackal bites you but does no damage.
You hit the jackal.
The jackal is poisoned.
The jackal is almost dead.
You kill the jackal!
The jackal is engulfed in dark miasma.
The jackal looks even sicker.
You kill the jackal!
You see here a jackal corpse.
Found a stone staircase leading down.
You see here 3 javelins.
l - a fizzy amethyst potion You see here 3 javelins.
You see here a jackal corpse.
There is a fountain of clear blue water here.
There is a staircase leading out of the dungeon here.
Are you sure you want to leave the Dungeon?
This will make you lose the game!
You have escaped!

###.....................
#
##...##.####.####.####.#.
# #..###...##...##...# #
#.## #.⌠.##.⌠.##.⌠.# #
#.####...##...##...# #
#...###.####.####.##
#.⌠.###.####.####.####.#
#........................
##.##..........@.........
#........................
#.⌠.###.####.####.####.##
#...###.## #.# #.# #
#.####...# ... ... #.##
#.⌠.##.⌠.# .⌠.#
#..###...##...# ..#
##...##.####.##
###...........


There were no monsters in sight!

Vanquished Creatures
  A bat (D:1)
  An endoplasm (D:1)
  2 goblins (D:1)
  2 hobgoblins (D:1)
  3 jackals (D:1)
  2 ball pythons (D:1)
  3 rats (D:1)
14 creatures vanquished.

Notes
Turn   | Place    | Note
-------+----------+-------------------------------------------
     0 | D:1      | Ashen the Demonspawn Ice Elementalist began the quest for
                  | the Orb.
     0 | D:1      | Reached XP level 1. HP: 13/13 MP: 3/3
   521 | D:1      | Gained mutation: You may rarely emit foul miasma when
                  | damaged in melee. [demonic ancestry]
   521 | D:1      | Reached XP level 2. HP: 18/20 MP: 1/5
   910 | D:$      | Got out of the dungeon alive.

Illustrated notes

Levels and vault maps discovered:
D:1:      dpeg_arrival_chambers_temple_mockup, layout_rooms

Skill      XL: |  1  2 |
---------------+-------+-----
Stealth        | 2 |  2.0
Dodging        | 2 |  2.0
Fighting       | |  0.7
Spellcasting   | |  2.1
Ice Magic      | |  3.7

Action                   || total
-------------------------++-------
Melee: Mace              ||     4
       Unarmed           ||     1
       Punch             ||     1
       Dagger            ||    20
 Cast: Freeze            ||     8
 Stab: Sleeping          ||     1
Armor: Robe              ||     7
Dodge: Dodged            ||    16
